 Dungeon Crawl Stone Soup version 0.24.0-10-g970556be89 (console) character file.

Game seed: 11165844441984797010, levelgen mode: deterministic

5 AlterAsc the Insei (level 1, 0/13 HPs)
             Began as an Octopode Transmuter on Nov 4, 2019.
             Slain by a kobold
             ... wielding a +0 short sword
              (7 damage)
             ... on level 2 of the Dungeon.
             The game lasted 00:00:40 (894 turns).

AlterAsc the Insei (Octopode Transmuter)             Turns: 894, Time: 00:00:40

Health: 0/13       AC:  1    Str:  9    XL:     1   Next: 80%
Magic:  2/3        EV: 13    Int: 15    God:
Gold:   126        SH:  0    Dex: 12    Spells: 3/4 levels left

rFire    . . .     SeeInvis .     - Unarmed
rCold    . . .     Gourm    .   (no shield)
rNeg     . . .     Faith    .   (helmet restricted)
rPois    .         Spirit   .   (no amulet)
rElec    .         Reflect  .   (no ring)
rCorr    .         Harm     .   (no ring)
MR       .....                  (no ring)
Stlth    ++........             (no ring)
HPRegen  0.04/turn              (no ring)
MPRegen  0.08/turn              (no ring)
                                (no ring)
                                (no ring)

@: appendage
A: almost no armour, stealthy swim, amphibious, 8 rings, constrict 8, tentacle
spike 3, camouflage 1, gelatinous body 1
a: End Transformation


You were on level 2 of the Dungeon.
You were not hungry.
One of your tentacles had a temporary spike.
You visited 1 branch of the dungeon, and saw 2 of its levels.

You collected 126 gold pieces.

Inventory:

Missiles
 a - 28 arrows
Scrolls
 d - a scroll of fear {unknown}
 f - a scroll of enchant armour {unknown}
 g - a scroll of remove curse {unknown}
 j - a scroll of identify {unknown}
Potions
 b - 4 potions of resistance {unknown}
 e - 2 potions of cancellation {unknown}
 i - a potion of invisibility {unknown}
Comestibles
 c - a ration
 h - 3 chunks of flesh


   Skills:
 - Level 1.1 Fighting
 - Level 2.0 Dodging
 - Level 3.0 Unarmed Combat
 + Level 2.1 Spellcasting
 * Level 2.2 Transmutations


You had 3 spell levels left.
You knew the following spells:

 Your Spells              Type           Power        Failure   Level  Hunger
a - Beastly Appendage     Tmut           #.....       9%          1    #......

Your spell library contained the following spells:

 Spells                   Type           Power        Failure   Level  Hunger
 Sticks to Snakes         Tmut           #.......     14%         2    ###....
 Spider Form              Tmut/Pois      #.........   38%         3    ###....
 Ice Form                 Ice/Tmut       #.......     80%         4    #####..
 Blade Hands              Tmut           #.........   94%         5    ######.


Dungeon Overview and Level Annotations

Branches:
Dungeon (2/15)

Altars:


Innate Abilities, Weirdness & Mutations

You cannot wear most types of armour.
You are very stealthy in the water. (Stealth+)
You are amphibious.
You can wear up to eight rings at the same time.
You can use your tentacles to constrict eight enemies at once.
Your skin changes colour to match your surroundings (Stealth+).
Your rubbery body absorbs attacks. (AC +1, EV +1)
One of your tentacles bears a large vicious spike.


Message History

You constrict the goblin, but do no damage.
You tentacle-slap the goblin.
You kill the goblin!
You see here a goblin corpse.
You butcher the goblin corpse.
h - 3 chunks of flesh You see here a goblin skeleton.
A kobold comes into view. It is wielding a +0 short sword.
Found a robe.
Casting: Beastly Appendage (safe; 9% risk of failure)
Confirm with . or Enter, or press ? or * to list all spells.
One of your tentacles grows a vicious spike.
The kobold hits you with a +0 short sword.
You barely miss the kobold. Your grab misses the kobold.
The kobold hits you with a +0 short sword.
You closely miss the kobold. You grab the kobold.
You constrict the kobold, but do no damage.
The kobold hits you with a +0 short sword!
Ouch! That really hurt!
You die...

.# #####.#
#.....####
#........##.
####...........
#...........[..
####..........#
.......@....#
......K.###.#
........# #.#
####....# #.#
#....# #.#
###### #.# #.#
#.# #.#


You could see a kobold.

Vanquished Creatures
  A bat (D:1)
  A frilled lizard (D:1)
  2 goblins
  A kobold (D:1)
  2 rats (D:1)
7 creatures vanquished.

Notes
Turn   | Place    | Note
-------+----------+-------------------------------------------
     0 | D:1      | AlterAsc the Octopode Transmuter began the quest for the
                  | Orb.
     0 | D:1      | Reached XP level 1. HP: 13/13 MP: 3/3
   894 | D:2      | Slain by a kobold

Levels and vault maps discovered:
D:1:      dpeg_arrival_chambers_temple_mockup, layout_loops_corners
D:2:      layout_basic, first_ration

Action                   || total
-------------------------++-------
Melee: Unarmed           ||    12
       Constrict         ||     4
 Cast: Beastly Appendage ||     3
 Stab: Sleeping          ||     3
Dodge: Dodged            ||     5
